 Dungeon Crawl Stone Soup version 0.28-a0-723-g095bd1b44f (webtiles) character file.

Game seed: 9974578691758853289

9 flotson the Sneak (level 2, -2/24 HPs)
             Began as a Demonspawn Delver on Oct 25, 2021.
             Slain by a hound (4 damage)
             ... on level 5 of the Dungeon.
             The game lasted 00:00:52 (208 turns).

flotson the Sneak (Demonspawn Delver)                Turns: 208, Time: 00:00:53

Health: -2/24      AC:  3    Str: 12    XL:     2   Next: 3%
Magic:  2/2        EV: 12    Int: 11    God:
Gold:   13         SH:  0    Dex: 14    Spells: 1/1 levels left

rFire   . . .      SeeInvis .   a - +0 hand axe
rCold   . . .      Faith    .   (no shield)
rNeg    . . .      Spirit   .   b - +0 leather armour
rPois   .          Reflect  .   (no helmet)
rElec   .          Harm     .   (no cloak)
rCorr   .          Rampage  .   (no gloves)
Will    .....                   (no boots)
Stlth   ++........              (no amulet)
HPRegen 0.08/turn               (no ring)
MPRegen 0.16/turn               (no ring)

@: no status effects
A: magic regeneration
a: no special abilities


You were on level 5 of the Dungeon.
You visited 1 branch of the dungeon, and saw 1 of its levels.

You collected 13 gold pieces.

Inventory:

Hand Weapons
 a - a +0 hand axe (weapon)
Armour
 b - a +0 leather armour (worn)
Wands
 g - a wand of digging (3)
Scrolls
 c - 2 scrolls of fog
 i - a scroll of identify {unknown}
 j - a scroll of torment {unknown}


   Skills:
 + Level 3.2 Fighting
 - Level 1.7 Axes
 + Level 0.6 Armour
 + Level 2.0 Dodging
 - Level 4.5 Stealth


You had one spell level left.
You didn't know any spells.
Your spell library was empty.

Dungeon Overview and Level Annotations

Branches:
Dungeon (5/15)
 Temple: D:4-7

Altars:


Innate Abilities, Weirdness & Mutations

You regenerate magic rapidly.


Message History

The hound is lightly wounded.
The hound closely misses you.
You barely miss the hound.
The hound is lightly wounded.
The hound bites you. x2
* * * LOW HITPOINT WARNING * * *
You are too injured to fight recklessly!
You are too injured to fight recklessly!
You are too injured to fight recklessly!
You are too injured to fight recklessly!
You are too injured to fight recklessly!
You are too injured to fight recklessly!
You are too injured to fight recklessly!
You aren't carrying any potions.
As you read the scroll of fear, it crumbles to dust.
You assume a fearsome visage.
The hound looks frightened!
c - 2 scrolls of fog (gained 1) Cornered, the hound turns to fight!
Unknown command.
As you read the scroll of magic mapping, it crumbles to dust.
You feel aware of your surroundings.
You sensed 1 altar, and 1 shop/portal.
The hound bites you but does no damage.
You aren't carrying any potions.
Unknown command.
You closely miss the hound.
The hound is lightly wounded.
The hound closely misses you. x2
You miss the hound.
The hound is lightly wounded.
The hound bites you.
* * * LOW HITPOINT WARNING * * *
The hound closely misses you.
You slash the hound!
The hound is heavily wounded.
The hound bites you.
* * * LOW HITPOINT WARNING * * *
You closely miss the hound.
The hound is heavily wounded.
The hound bites you.
You die...

**,,,,,,,,,****,,,**
*,,,,,,,,** *,,,,*
**,*,,,,,** ****,*
,,,**,,,** *,*
******'** *,* ##.**###
*,* #...,..# *,#
#..###.#######.#
##...##.#...h@..#
*###....,#.#.#######
,,......*#.(...#
****#..###.#.#.#
#......#.#h#
##.......#*#******
#.###.###*⌠,,,,,** #.#
#.#***,,≈≈≈,,*
#####.###..,,*,≈≈≈≈≈,**


You could see a hound.

Vanquished Creatures
  An adder (D:5)
1 creature vanquished.

Notes
Turn   | Place    | Note
-------+----------+-------------------------------------------
     0 | D:5      | flotson the Demonspawn Delver began the quest for the Orb.
     0 | D:5      | Reached XP level 1. HP: 18/18 MP: 1/1
     6 | D:5      | Noticed an ogre
    56 | D:5      | Gained mutation: You regenerate magic rapidly. [demonic
                  | ancestry]
    56 | D:5      | Reached XP level 2. HP: 1/24 MP: 2/2
   208 | D:5      | Slain by a hound

Illustrated notes

Levels and vault maps discovered:
D:5:      layout_loops_corners, nicolae_tso_carved_into_rock, serial_shops,
          nicolae_lakefront_shop, uniq_grinder

Skill      XL: |  1 |
---------------+----+-----
Dodging        | 2 |  2.0
Fighting       | |  3.2
Axes           | |  1.7
Armour         | |  0.6
Stealth        | |  4.5

Action                   || total
-------------------------++-------
Melee: Hand axe          ||    23
  Use: Potion            ||     2
       Scroll            ||     2
 Stab: Sleeping          ||     1
Armor: Leather armour    ||     3
Dodge: Dodged            ||    13

Table legend: (Time is in decaauts)
 A = Elapsed time spent in this place.
 B = Non-inter-level travel time spent in this place.
 C = Inter-level travel time spent in this place.
 D = Time resting spent in this place.
 E = Time spent auto-exploring this place.
 F = Levels seen in this place.
 G = Mean time per level.
                   A        B        C        D        E       F      G
               +--------+--------+--------+--------+--------+-----+--------+
         Total |    198 |    198 |      0 |     13 |    128 |   1 |  198.0 |
       Dungeon |    198 |    198 |      0 |     13 |    128 |   1 |  198.0 |
               +--------+--------+--------+--------+--------+-----+--------+

Top non-repeatable levels by time:
     D:5: 198 daAuts
